 Dungeon Crawl Stone Soup version 0.28-a0-909-g796cbd3a86 (webtiles) character file.

Game seed: 15303115030438617227

111 blank1 the Skirmisher (level 4, -2/41 HPs)
             Began as a Minotaur Fighter on Nov 24, 2021.
             Killed from afar by a white imp (10 damage)
             ... with a puff of frost
             ... summoned by Natasha
             ... on level 2 of the Dungeon.
             The game lasted 00:02:19 (2149 turns).

blank1 the Skirmisher (Minotaur Fighter)            Turns: 2149, Time: 00:02:20

Health: -2/41      AC:  7    Str: 21    XL:     4   Next: 62%
Magic:  3/3        EV: 10    Int:  5    God:
Gold:   55         SH:  4    Dex: 10    Spells: 3/3 levels left

rFire   . . .      SeeInvis .   a - +0 flail
rCold   . . .      Faith    .   c - +0 buckler
rNeg    . . .      Spirit   .   b - +0 scale mail
rPois   .          Reflect  .   (helmet restricted)
rElec   .          Harm     .   (no cloak)
rCorr   .          Rampage  .   (no gloves)
Will    .....                   (no boots)
Stlth   ..........              (no amulet)
HPRegen 0.13/turn               (no ring)
MPRegen 0.08/turn               (no ring)

@: slowed, very slow
A: horns 2, retaliatory headbutt
a: no special abilities


You were on level 2 of the Dungeon.
You visited 1 branch of the dungeon, and saw 2 of its levels.

You collected 55 gold pieces.

Inventory:

Hand Weapons
 a - a +0 flail (weapon)
Armour
 b - a +0 scale mail (worn)
 c - a +0 buckler (worn)
Scrolls
 e - 3 scrolls of identify {unknown}
 f - a scroll of immolation {unknown}
 g - a scroll of blinking {unknown}
 i - a scroll of magic mapping {unknown}
Potions
 d - a potion of might
 h - a potion of magic {unknown}
 j - a potion of resistance {unknown}
 l - a potion of invisibility {unknown}


   Skills:
 + Level 4.7 Fighting
 + Level 3.8 Maces & Flails
 - Level 4.0 Armour
 - Level 2.0 Dodging
 - Level 4.0 Shields


You had 3 spell levels left.
You didn't know any spells.
Your spell library contained the following spells:

 Spells                   Type           Power      Damage    Failure   Level
 Gell's Gravitas          Tloc           0%         N/A       99%         3
 Lesser Beckoning         Tloc           0%         N/A       99%         3
 Teleport Other           Tloc           0%         N/A       99%         3


Dungeon Overview and Level Annotations

Branches:
Dungeon (2/15)

Altars:

Annotations:
D:2 Natasha


Innate Abilities, Weirdness & Mutations

You have a pair of horns on your head.
You reflexively headbutt those who attack you in melee.


Message History

Natasha zaps a wand.
The now-empty wand crumbles to dust.
Natasha claws you!
Natasha mewls in sadness.
The crimson imp blinks!
Natasha completely misses you.
Natasha mumbles some strange words.
Natasha claws you.
* * * LOW HITPOINT WARNING * * *
Your transformation is almost over.
It was a potion of curing.
You feel better.
Natasha stares at you and mumbles some strange words.
You resist with some effort.
Natasha howls an incantation.
You feel troubled. Natasha casts a spell at you. The magic dart hits you!
* * * LOW HITPOINT WARNING * * *
The white imp picks up a beetle and eats it.
Natasha completely misses you.
Natasha extends her claws.
You feel better. Natasha completely misses you. Natasha casts a spell at you.
The magic dart hits you!
* * * LOW HITPOINT WARNING * * *
Natasha mumbles some strange words.
The white imp disappears in a puff of smoke!
The white imp gestures at you. The puff of frost hits you!
* * * LOW HITPOINT WARNING * * *
Natasha extends her claws.
Your transformation has ended.
Your +0 flail unmelds from your body.
Your +0 buckler unmelds from your body.
Your +0 scale mail unmelds from your body.
The white imp gestures at you. The puff of frost misses you.
Unknown command.
You feel better.
The white imp laughs crazily.
The white imp gestures at you. The puff of frost hits you!
You die...

#.......##..........##...
#.###.#.##.#........##...
#.# #...##.#...#....#####
#.# ######..........# ###
####..........#
#........##...#####
####...#.##........
#########.##.###..###.#
#### #..h5.@...##.###..#
#.# ...#
#.##..............###.#
...#
#.##...................
...#
#5##.............#.....
...##
#h##...................
....#
#.##.............#.....
....#
#.##.###..######.#.....
.5..# #.##.#
#..######.#..... ....#
#.##.###........>#.....


You could see Natasha and a white imp (summoned).

Vanquished Creatures
  Natasha (D:2)
  4 adders
  2 worms (D:2)
  A dart slug (D:1)
  3 endoplasms
  5 giant cockroaches
  2 hobgoblins (D:1)
  4 kobolds (D:1)
  6 ball pythons
  3 bats (D:2)
  4 frilled lizards
  6 goblins
  2 rats (D:2)
43 creatures vanquished.

Vanquished Creatures (others)
  A fungus (D:1)
1 creature vanquished.

Grand Total: 44 creatures vanquished

Notes
Turn   | Place    | Note
-------+----------+-------------------------------------------
     0 | D:1      | blank1 the Minotaur Fighter began the quest for the Orb.
     0 | D:1      | Reached XP level 1. HP: 19/19 MP: 0/0
   172 | D:1      | Reached XP level 2. HP: 27/27 MP: 1/1
   518 | D:1      | Reached skill level 1 in Dodging
   890 | D:1      | Found a faded altar of an unknown god.
  1005 | D:1      | Reached XP level 3. HP: 20/33 MP: 2/2
  1440 | D:2      | Reached XP level 4. HP: 38/40 MP: 3/3
  1982 | D:2      | Noticed Natasha
  1989 | D:2      | Killed Natasha
  2107 | D:2      | Noticed Natasha
  2141 | D:2      | HP: 1/41 [white imp/puff of frost[Natasha] (11)]
  2149 | D:2      | Killed from afar by a white imp

Illustrated notes

Levels and vault maps discovered:
D:1:      co_arrival_random_square_maze, layout_loops_ring,
          shapermc_ecumenical_altar_hornbeckon
D:2:      layout_basic, uniq_natasha

Skill      XL: |  1  2  3  4 |
---------------+-------------+-----
Dodging        | 1 2 |  2.0
Fighting       | 4 |  4.7
Armour         | 4 |  4.0
Shields        | 4 |  4.0
Maces & Flails | 3 |  3.8

Action                   |  1- 3 |  4- 6 || total
-------------------------+-------+-------++-------
Melee: Flail             |    91 |    19 ||   110
       Headbutt          |    16 |     5 ||    21
       Unarmed           |       |     6 ||     6
  Use: Potion            |       |     3 ||     3
Armor: Scale mail        |    40 |     6 ||    46
Dodge: Dodged            |    55 |    13 ||    68
Block: Buckler           |    16 |     2 ||    18

Table legend: (Time is in decaauts)
 A = Elapsed time spent in this place.
 B = Non-inter-level travel time spent in this place.
 C = Inter-level travel time spent in this place.
 D = Time resting spent in this place.
 E = Time spent auto-exploring this place.
 F = Levels seen in this place.
 G = Mean time per level.
                   A        B        C        D        E       F      G
               +--------+--------+--------+--------+--------+-----+--------+
         Total |   2180 |   2097 |     83 |    194 |   1576 |   2 | 1090.0 |
       Dungeon |   2180 |   2097 |     83 |    194 |   1576 |   2 | 1090.0 |
               +--------+--------+--------+--------+--------+-----+--------+

Top non-repeatable levels by time:
     D:1: 1218 daAuts
     D:2: 962 daAuts
